 Dungeon Crawl Stone Soup version 0.24-a0-584-g9d6b971 (webtiles) character file.

Game seed: 2907041624650393943, levelgen mode: deterministic

280 Dorkslayer the Skirmisher (level 6, 0/43 HPs)
             Began as an Octopode Fighter on Sept 1, 2019.
             Slain by a leopard gecko (4 damage)
             ... on level 4 of the Dungeon on Sept 2, 2019.
             The game lasted 00:14:25 (3037 turns).

Dorkslayer the Skirmisher (Octopode Fighter)        Turns: 3037, Time: 00:14:26

Health: 0/43       AC:  1    Str: 17    XL:     6   Next: 27%
Magic:  7/9        EV: 11    Int: 11    God:
Gold:   156        SH: 10    Dex: 11    Spells: 9/9 levels left

rFire    . . .     SeeInvis .   a - +0 long sword
rCold    . . .     Gourm    .   b - +1 shield
rNeg     . . .     Faith    .   (helmet restricted)
rPois    .         Spirit   .   (no amulet)
rElec    .         Reflect  .   (no ring)
rCorr    .         Harm     .   (no ring)
MR       .....                  (no ring)
Stlth    +++.......             (no ring)
HPRegen  0.14/turn              (no ring)
MPRegen  0.11/turn              (no ring)
                                (no ring)
                                (no ring)

@: no status effects
A: almost no armour, stealthy swim, amphibious, 8 rings, constrict 8, camouflage
1, gelatinous body 1
a: no special abilities


You were on level 4 of the Dungeon.
You were not hungry.

You visited 1 branch of the dungeon, and saw 4 of its levels.

You collected 156 gold pieces.

Inventory:

Hand Weapons
 a - a +0 long sword (weapon)
 j - a +3 dagger of speed
Missiles
 c - 2 poisoned darts (quivered)
Armour
 b - a +1 shield (worn)
Scrolls
 f - a scroll of remove curse {unknown}
 g - a scroll of amnesia
 h - 3 scrolls of fear {unknown}
 i - a scroll of magic mapping
 k - a scroll of blinking
 l - 9 scrolls of teleportation {unknown}
 n - a scroll of fog
Comestibles
 d - 5 rations
 m - 4 chunks of flesh


   Skills:
 * Level 3.9 Fighting
 + Level 3.1 Long Blades
 * Level 2.2 Throwing
 + Level 3.3 Dodging
 * Level 3.3 Stealth
 + Level 3.3 Shields
 * Level 2.0 Spellcasting


You had 9 spell levels left.
You didn't know any spells.
Your spell library was empty.

Dungeon Overview and Level Annotations

Branches:
Dungeon (4/15)
 Temple: D:4-7

Altars:


Innate Abilities, Weirdness & Mutations

You cannot wear most types of armour.
You are very stealthy in the water. (Stealth+)
You are amphibious.
You can wear up to eight rings at the same time.
You can use your tentacles to constrict eight enemies at once.
Your skin changes colour to match your surroundings (Stealth+).
Your rubbery body absorbs attacks. (AC +1, EV +1)


Message History

The ogre hits you with a +0 giant club!!
Ouch! That really hurt!
* * * LOW HITPOINT WARNING * * *
You slash the ogre!
You kill the ogre!
Your Long Blades skill increases to level 3!
Your Stealth skill increases to level 3!
Your Spellcasting skill increases to level 2!
You have reached level 6!
Your experience leads to an increase in your attributes!
Increase (S)trength, (I)ntelligence, or (D)exterity?
You feel stronger.
You closely miss the leopard gecko. Your grab misses the leopard gecko.
The leopard gecko bites you.
* * * LOW HITPOINT WARNING * * *
The leopard gecko barely misses you.
You hit the leopard gecko. Your grab misses the leopard gecko.
The leopard gecko is moderately wounded.
You block the leopard gecko's attack. The leopard gecko bites you.
You die...

.?.. #.#
#.(##.#
##...#.#######
#...(.......(.
#.#....######
##...# #...#
##..##########
#.>.l@.......
###.########.
#.#.. #.#.#
#.#.# #.#.#
#.#.#
#.#<#####..
#..........


You could see a leopard gecko.

Vanquished Creatures
  An ogre (D:4)
  A bullfrog skeleton (D:4)
  Terence (D:3)
  3 adders
  2 oozes (D:3)
  6 worms
  A dart slug (D:2)
  A leopard gecko (D:3)
  3 orcs (D:3)
  5 bats
  5 giant cockroaches
  5 goblins
  12 hobgoblins
  4 jackals (D:2)
  11 kobolds
  4 quokkas
  2 ball pythons (D:2)
  4 frilled lizards
  14 rats
  A plant (D:2)
86 creatures vanquished.

Notes
Turn   | Place    | Note
-------+----------+-------------------------------------------
     0 | D:1      | Dorkslayer the Octopode Fighter began the quest for the
                  | Orb.
     0 | D:1      | Reached XP level 1. HP: 16/16 MP: 1/1
   161 | D:1      | Reached XP level 2. HP: 21/21 MP: 2/2
   571 | D:1      | Reached skill level 1 in Throwing
   675 | D:1      | Reached skill level 1 in Spellcasting
   781 | D:1      | Reached XP level 3. HP: 25/26 MP: 4/4
   830 | D:2      | Reached skill level 1 in Stealth
   850 | D:2      | HP: 1/26 [jackal (1)]
  1309 | D:2      | Reached XP level 4. HP: 29/31 MP: 5/5
  2390 | D:3      | Reached XP level 5. HP: 3/36 MP: 7/7
  2727 | D:3      | Noticed Terence
  2735 | D:3      | Killed Terence
  3018 | D:4      | Noticed an ogre
  3035 | D:4      | Killed an ogre
  3035 | D:4      | Reached XP level 6. HP: 7/43 MP: 7/9
  3037 | D:4      | Slain by a leopard gecko

Levels and vault maps discovered:
D:1:      nzn_arrival_water_spiral, layout_basic, minmay_misc_feat_columns
D:2:      layout_loops_ring, serial_bayou, serial_bayou_ford_a,
          serial_bayou_pond_c, serial_bayou_crossing, serial_bayou_shore_b,
          serial_bayou_lake_a, serial_bayou_pond_a
D:3:      layout_rooms, uniq_terence
D:4:      layout_basic, minmay_temple_entry_poolview

Skill      XL: |  1  2  3  4  5 |
---------------+----------------+-----
Throwing       | 1 2 |  2.2
Spellcasting   | 1 2 |  2.0
Stealth        | 1 3 |  3.3
Long Blades    | 3 |  3.1
Fighting       | |  3.9
Dodging        | |  3.3
Shields        | |  3.3

Action                   |  1- 3 |  4- 6 || total
-------------------------+-------+-------++-------
Melee: Long sword        |    78 |   101 ||   179
       Constrict         |    26 |    36 ||    62
       Tentacles         |     9 |    32 ||    41
       Dagger            |       |     6 ||     6
Throw: Javelin           |     3 |    16 ||    19
       Dart              |       |     2 ||     2
  Use: Potion            |     1 |     2 ||     3
       Scroll            |       |     7 ||     7
 Stab: Sleeping          |     7 |     6 ||    13
  Eat: Chunk             |     1 |     6 ||     7
Armor: Skin              |     7 |     3 ||    10
Dodge: Dodged            |    28 |    27 ||    55
Block: Shield            |    26 |    28 ||    54
       Rpst.: Long sword |     9 |     7 ||    16

Table legend:
 A = Non-vault XP
 B = Vault XP
 C = Vault XP percentage of total XP
 D = Non-vault monster count
 E = Vault monster count
 F = Vault count percentage of total count
                 A         B        C        D         E       F
            +---------+---------+-------+---------+---------+-------
      Total |     365 |      36 |   9.0 |      84 |       1 |   1.2
            +---------+---------+-------+---------+---------+-------
        D:1 |      37 |       0 |   0.0 |      24 |       0 |   0.0
        D:2 |      71 |       0 |   0.0 |      31 |       0 |   0.0
        D:3 |      90 |      36 |  28.6 |      26 |       1 |   3.7
        D:4 |     167 |       0 |   0.0 |       3 |       0 |   0.0
            +---------+---------+-------+---------+---------+-------
